Map: Year Zero LE

Players

Lambo - Winner!

  • Race: Zerg Zerg
  • League: Grandmaster
  • Spawn Location: 11:00

Nerazimlet

  • Race: Protoss Protoss
  • League: Master
  • Spawn Location: 1:00

VOD

Have the link to the VOD?

Description

Time

  • Played on: Feb. 11, 2019, 9:17 a.m.
  • Length: 6:32
Show
View Real Time Build Order
Export as new Build Order

Lambo Zerg - Winner!

Build Orders: Hatch First 

Get SALT Encoding   

  12  0:01  Drone  
  13  0:13  Overlord  
  13  0:17  Drone  
  14  0:31  Drone x2  
  16  0:49  Hatchery  
  15  0:52  Drone  
  16  0:57  Drone  
  16  0:59  Drone  
  18  1:11  Extractor  
  18  1:14  Spawning Pool  
  18  1:18  Drone  
  17  1:21  Drone  
  18  1:29  Drone  
  19  1:40  Drone  
  20  1:52  Overlord  
  20  2:03  Queen x2  
  20  2:04  Zergling x4  
  26  2:12  Drone x2  
  28  2:20  Metabolic Boost  
  28  2:25  Drone x2  
  30  2:41  Drone, Hatchery  
  30  2:46  Drone x2  
  30  2:50  Overlord  
  32  2:57  Drone  
  33  3:00  Queen  
  33  3:04  Drone  
  36  3:09  Zergling x4  
  38  3:15  Drone x2  
  40  3:20  Drone  
  41  3:30  Drone x2  
  41  3:31  Overlord  
  43  3:35  Drone  
  43  3:40  Overlord x2  
  44  3:44  Overlord  
  44  3:49  Queen  
  44  3:50  Drone x3  
  44  3:54  Drone  
  50  3:58  Spore Crawler  
  50  4:01  Drone  
  50  4:03  Drone  
  50  4:05  Drone  
  50  4:07  Drone  
  50  4:08  Drone  
  54  4:10  Spore Crawler  
  54  4:11  Drone  
  54  4:12  Drone  
  55  4:18  Drone x2  
  55  4:20  Evolution Chamber  
  55  4:23  Queen  
  58  4:27  Lair  
  58  4:31  Queen  
  58  4:35  Overlord  
  58  4:36  Drone  
  61  4:39  Drone x2  
  61  4:47  Drone x4  
  64  4:56  Zergling x10  
  69  5:02  Extractor, Zergling x8  
  73  5:11  Queen x2  
  78  5:14  Zergling x6  
  78  5:19  Zergling x8  
  84  5:26  Nydus Network  
  84  5:27  Zergling x6  
  86  5:31  Zergling x8  
  90  5:42  Zergling x2  
  89  5:44  Queen, Overlord  
  89  5:53  Zergling x2  
  89  6:00  Overlord x2  
  93  6:05  Overlord, Zergling x2  
  93  6:06  Nydus Canal  
  93  6:07  Zergling x12  
  96  6:11  Zergling x8  
  96  6:14  Overlord  
Show
View Real Time Build Order
Export as new Build Order

Nerazimlet Protoss 

Build Orders: 1 Gate Expand, Oracle Opening, Phoenix Opening 

Get SALT Encoding   

  12  0:01  Probe  
  13  0:13  Probe  
  14  0:20  Pylon  
  14  0:25  Probe  
  15  0:35  Probe  
  15  0:40  Gateway  
  16  0:43  Probe  
  16  0:49  Assimilator  
  17  0:52  Probe  
  18  1:09  Probe  
  19  1:21  Probe  
  20  1:30  Nexus  
  20  1:38  Cybernetics Core  
  20  1:41  Probe  
  21  1:50  Assimilator  
  21  1:53  Probe  
  22  2:03  Pylon  
  22  2:05  Probe  
  23  2:13  Adept  
  23  2:21  Probe  
  26  2:28  Stargate  
  26  2:33  Probe  
  26  2:34  Adept  
  27  2:39  Probe  
  28  2:45  Probe  
  28  2:47  Probe  
  32  2:53  Warp Gate  
  32  2:57  Probe x2  
  33  3:05  Probe  
  34  3:09  Probe  
  34  3:11  Phoenix  
  38  3:13  Adept, Probe  
  38  3:17  Pylon  
  41  3:23  Probe x2  
  43  3:35  Probe x2  
  43  3:38  Oracle  
  48  3:47  Probe x2  
  49  3:55  Assimilator  
  45  3:58  Assimilator  
  45  3:59  Probe x2  
  45  4:01  Gateway  
  47  4:06  Stargate  
  47  4:11  Probe x2  
  49  4:21  Probe  
  49  4:22  Probe  
  50  4:27  Pylon  
  50  4:29  Probe  
  51  4:36  Probe  
  52  4:41  Pylon  
  52  4:43  Phoenix  
  53  4:45  Oracle  
  53  4:52  Probe  
  59  4:55  Probe  
  59  4:58  Zealot  
  62  5:01  Pylon  
  62  5:06  Phoenix  
  62  5:13  Probe  
  65  5:19  Zealot x2  
  65  5:20  Pylon  
  69  5:22  Phoenix  
  69  5:27  Nexus  
  71  5:29  Pylon  
  71  5:31  Phoenix  
  73  5:43  Zealot x2  
  73  5:45  Probe x2  
  73  5:47  Phoenix  
  75  5:57  Probe x2  
  75  6:00  Phoenix  
  79  6:06  Zealot x2, Pylon  
  79  6:09  Probe  
Tags
 
Add a new tag
Caveats
  • Supply blocks, unpowered buildings, or Contaminate may cause inaccurate times.
  • Supply counts are checked every 10 seconds.